Map: Catalyst LE

Players

PapaSchlumpf - Winner!

  • Race: Zerg Zerg
  • Spawn Location: 5:00

dondog

  • Race: Protoss Protoss
  • League: Gold
  • Spawn Location: 11:00

VOD

Have the link to the VOD?

Description

Time

  • Played on: May 8, 2018, 4:36 a.m.
  • Length: 10:38
Show
View Real Time Build Order
Export as new Build Order

PapaSchlumpf Zerg - Winner!

Build Orders: 3 Hatch before Pool 

Get SALT Encoding   

  12  0:01  Drone  
  13  0:11  Drone  
  14  0:15  Extractor  
  14  0:16  Drone  
  15  0:23  Overlord  
  15  0:41  Drone x2  
  17  0:56  Hatchery  
  17  0:57  Drone  
  17  1:00  Extractor  
  16  1:07  Drone x2  
  18  1:16  Drone  
  19  1:27  Overlord  
  19  1:43  Drone  
  20  1:51  Hatchery  
  19  1:54  Spawning Pool  
  19  2:00  Drone  
  19  2:06  Drone  
  19  2:07  Drone  
  21  2:19  Drone x2  
  23  2:30  Drone x2  
  25  2:45  Metabolic Boost  
  25  2:46  Hatchery  
  24  2:52  Queen  
  26  2:59  Queen  
  26  3:04  Drone x2  
  30  3:07  Drone  
  30  3:09  Drone  
  30  3:12  Drone  
  33  3:14  Drone  
  33  3:16  Drone  
  35  3:23  Queen  
  37  3:33  Lair  
  37  3:40  Drone x4, Extractor  
  37  3:41  Drone  
  41  3:42  Extractor  
  41  3:43  Drone  
  41  3:46  Overlord  
  41  3:50  Overlord  
  41  3:53  Overlord  
  41  4:07  Drone x8  
  49  4:13  Drone x3  
  49  4:14  Drone  
  49  4:15  Drone  
  55  4:17  Drone  
  55  4:34  Queen  
  55  4:35  Drone x9  
  66  4:39  Extractor  
  66  4:40  Extractor  
  64  4:49  Overlord  
  64  4:50  Overlord  
  64  4:52  Overlord  
  64  4:53  Overlord  
  64  4:55  Pneumatized Carapace  
  64  4:58  Infestation Pit  
  63  5:03  Evolution Chamber  
  63  5:04  Evolution Chamber  
  61  5:10  Drone x3  
  61  5:11  Drone x2  
  61  5:12  Drone x2  
  61  5:13  Drone x4  
  72  5:25  Extractor  
  72  5:26  Extractor  
  70  5:29  Zerg Ground Armor Level 1, Zerg Melee Weapons Level 1  
  70  5:31  Zergling x20  
  80  5:38  Drone, Extractor  
  80  5:39  Drone  
  80  5:40  Drone x2  
  83  5:54  Hatchery  
  82  6:02  Hive  
  82  6:09  Overlord  
  82  6:10  Overlord  
  82  6:11  Overlord  
  82  6:12  Overlord  
  82  6:14  Overlord  
  82  6:15  Overlord  
  82  6:17  Overlord  
  82  6:18  Overlord  
  82  6:30  Drone x3  
  82  6:31  Drone x3  
  89  6:32  Drone  
  89  6:33  Drone x9  
  98  6:53  Drone  
  98  6:54  Drone x9  
  106  7:06  Spore Crawler  
  105  7:10  Spore Crawler  
  105  7:12  Spore Crawler  
  105  7:14  Spore Crawler  
  102  7:18  Ultralisk Cavern  
  102  7:19  Drone x3  
  102  7:20  Drone x14  
  118  7:22  Extractor  
  118  7:23  Extractor  
  116  7:33  Hatchery, Zerg Melee Weapons Level 2, Zerg Ground Armor Level 2  
  116  7:35  Extractor  
  116  7:36  Adrenal Glands  
  114  7:37  Extractor  
  114  7:40  Extractor  
  114  7:44  Spore Crawler, Extractor  
  111  7:46  Spore Crawler x2  
  111  7:48  Queen  
  110  7:51  Overlord  
  110  7:52  Overlord x5  
  110  7:53  Overlord x4  
  110  8:17  Ultralisk x4  
  134  8:25  Hatchery  
  133  8:40  Ultralisk x4  
  158  8:48  Drone x11  
  158  8:54  Chitinous Plating  
  168  8:57  Ultralisk  
  174  9:04  Drone x4  
  174  9:05  Drone x2  
  174  9:06  Queen  
  182  9:26  Ultralisk x2  
  194  10:03  Zergling x22  
Show
View Real Time Build Order
Export as new Build Order

dondog Protoss 

Build Orders:  

Get SALT Encoding   

  1  0:00  Probe  
  13  0:07  Probe  
  14  0:24  Pylon  
  14  0:30  Probe  
  16  0:42  Probe  
  16  0:44  Forge  
  16  0:53  Gateway  
  16  1:01  Pylon  
  16  1:02  Probe  
  17  1:11  Probe  
  17  1:14  Assimilator  
  18  1:27  Photon Cannon  
  18  1:33  Probe  
  19  1:49  Cybernetics Core  
  21  2:10  Nexus  
  21  2:19  Stalker  
  19  2:23  Assimilator  
  19  2:26  Assimilator  
  21  2:39  Shield Battery  
  21  2:42  Probe  
  22  2:44  Assimilator  
  22  2:54  Pylon  
  22  3:00  Probe  
  22  3:03  Sentry  
  25  3:12  Probe  
  26  3:24  Probe  
  26  3:25  Probe  
  28  3:32  Stargate  
  28  3:36  Probe  
  28  3:37  Probe  
  30  3:47  Probe  
  30  3:48  Sentry, Probe  
  34  3:55  Probe  
  34  4:01  Probe  
  36  4:03  Probe  
  36  4:09  Robotics Facility  
  37  4:13  Probe  
  37  4:15  Probe  
  39  4:25  Phoenix, Probe  
  39  4:27  Probe  
  39  4:28  Photon Cannon  
  41  4:37  Probe  
  44  4:39  Probe  
  45  4:49  Probe  
  45  4:51  Probe  
  47  5:01  Probe  
  47  5:02  Observer  
  47  5:04  Probe  
  47  5:06  Gateway  
  50  5:19  Probe x2  
  52  5:31  Probe, Pylon  
  53  5:38  Pylon  
  53  5:41  Immortal  
  53  5:42  Gateway, Pylon, Probe  
  54  5:49  Oracle, Probe  
  62  6:12  Shield Battery  
  62  6:20  Immortal  
  66  6:36  Void Ray  
  70  7:04  Immortal  
  74  7:17  Robotics Bay  
  74  7:44  Gateway  
  74  7:45  Gateway  
  74  7:48  Twilight Council  
  78  8:19  Warp Gate  
  78  8:26  Charge  
  74  8:30  Pylon  
  74  8:32  Pylon  
  74  8:48  Colossus  
  74  8:52  Pylon  
  80  9:07  Sentry  
  82  9:32  Immortal  
Tags
 
League
Gold
Matchup
PvZ
Spawn Locations
Cross Positions
Add a new tag
Caveats
  • Supply blocks, unpowered buildings, or Contaminate may cause inaccurate times.
  • Supply counts are checked every 10 seconds.